 Dungeon Crawl Stone Soup version 0.32-a0-834-geaf45d8e21 (webtiles) character file.

Game seed: 14385328252699335358

217 wilfster70 the Trooper (level 5, 0/34 HPs)
             Began as a Gargoyle Fighter on Mar 25, 2024.
             Incinerated by a bombardier beetle (5 damage)
             ... with a burning spray
             ... on level 4 of the Dungeon.
             The game lasted 00:06:27 (2652 turns).

wilfster70 the Trooper (Gargoyle Fighter)           Turns: 2652, Time: 00:06:27

Health: 0/34       AC: 15    Str: 20    XL:     5   Next: 94%
Magic:  5/5        EV:  8    Int: 10    God:
Gold:   101        SH:  5    Dex: 15    Spells: 4/4 levels left

rFire   . . .        a - +1 war axe
rCold   . . .        c - +0 buckler
rNeg    + . .        q - +0 scale mail
rPois   ∞            o - +0 helmet
rElec   +            (no cloak)
rCorr   .            n - +2 pair of gloves {Stlth+}
SInv    .            (no boots)
Will    .....        (no amulet)
Stlth   +            j - +6 ring of dexterity
HPRegen 0.25/turn    (no ring)
MPRegen 0.09/turn

%: no passive effects
@: on fire, glowing
A: sickness immunity, AC +4, negative energy resistance 1, electricity
resistance, torment resistance 1, petrification resistance
a: no special abilities


You were on level 4 of the Dungeon.
You visited 1 branch of the dungeon, and saw 4 of its levels.

You collected 101 gold pieces.

Inventory:

Hand Weapons
 a - a +1 war axe (weapon)
 b - a +0 flail
Armour
 c - a +0 buckler (worn)
 n - a +2 pair of gloves of stealth (worn)
 o - a +0 helmet (worn)
 q - a +0 scale mail (worn)
Jewellery
 j - a +6 ring of dexterity (left hand)
 t - a +6 ring of intelligence
Wands
 p - a wand of flame (10)
 s - a wand of charming (2)
Scrolls
 f - 2 scrolls of enchant weapon
 g - 2 scrolls of vulnerability {unknown}
 h - 2 scrolls of revelation
 k - a scroll of enchant armour {unknown}
 l - 5 scrolls of teleportation
 m - 3 scrolls of fog {unknown}
 r - a scroll of identify
 u - a scroll of fear {unknown}
Potions
 d - a potion of might
 i - 2 potions of curing


   Skills:
 + Level 4.9 Fighting
 * Level 4.5 Axes
 - Level 3.2 Armour
 - Level 3.2 Shields


You had 4 spell levels left.
You didn't know any spells.
Your spell library was empty.

Dungeon Overview and Level Annotations

Branches:
Dungeon (4/15)
 Temple: D:4-7

Altars:
Ashenzari

Annotations:
D:3 1 runed translucent door, Xoff's ghost, amateur GnCj


Innate Abilities, Weirdness & Mutations

You are immune to sickness and miasma.
Your stone body is resilient. (AC +4)
You are immune to poison.
You resist negative energy. (rN+)
You are resistant to electric shocks. (rElec)
You are resistant to unholy torment.
You are immune to petrification.


Message History

The bombardier beetle closely misses you.
You barely miss the bombardier beetle. You closely miss the ball python.
The ball python bites you. x2; The ball python closely misses you.
The bombardier beetle sprays incendiary fluid at you.
The burning spray hits you.
You are covered in liquid fire!
You slash the bombardier beetle!
The bombardier beetle is heavily wounded.
You hit the ball python.
You kill the ball python!
The liquid fire burns you!
You barely miss the bombardier beetle.
The bombardier beetle is heavily wounded.
The liquid fire burns you!
The bombardier beetle bites you but does no damage.
You hit the bombardier beetle but do no damage.
The bombardier beetle is heavily wounded.
The liquid fire burns you!
The bombardier beetle bites you but does no damage.
You hit the bombardier beetle.
The bombardier beetle is severely wounded.
The liquid fire burns you!
The bombardier beetle barely misses you.
You barely miss the bombardier beetle.
The bombardier beetle is severely wounded.
The liquid fire burns you!
The bombardier beetle sprays incendiary fluid at you.
The burning spray hits you.
You are even more covered in liquid fire!
You hit the bombardier beetle.
You kill the bombardier beetle!
The liquid fire burns you!
* * * LOW HITPOINT WARNING * * *
You shake off some of the fire as you move.
The liquid fire burns you!
* * * LOW HITPOINT WARNING * * *
You see here a bombardier beetle corpse.
You shake off some of the fire as you move.
The liquid fire burns you!
You die...

#.#.#.###*,** *,**,,,,,****
.......#*,,,* *,**,,,,,* **
#.#.#.##*,,,#** *,,,,,,,,***,
.......#*,,.+,*******,,,,,,,,,,,,
#.#.#.##*,..#,,,,,,,,,,,,,,,,,,,*
.......##...#*******,,****,,,,,,*
#.#.#.#.....###### *,,,***,,,,,,*
.......###.###...####...,,,<,****
#.#.#.## #.....†@.....#,**,,**~*~
.......#######†..###....**,,*~*~*
#.#.#.#..........# *,,,.**,,**~*~
........######...# *,,,,*****~*~*
#.#.#.### ###.# *,,,,**,,~*∩*~
.......* #.# *,,,,**,**~*~*
#.#.#.#* #.# *,,,,+>,,**~*~
#.##.## #.# *,,,,****,**** #,,,.*
*.# ****** *,*


There were no monsters in sight!

Vanquished Creatures
  An ogre (D:4)
  A bombardier beetle (D:4)
  Terence (D:3)
  2 orcs (D:3)
  8 ball pythons
  8 bats
  10 endoplasms
  2 giant cockroaches
  8 goblins
  6 hobgoblins
  4 jackals
  6 kobolds
  2 quokkas (D:1)
  2 frilled lizards
  4 rats
65 creatures vanquished.

Notes
Turn   | Place    | Note
-------+----------+-------------------------------------------
     0 | D:1      | wilfster70 the Gargoyle Fighter began the quest for the
                  | Orb.
     0 | D:1      | Reached XP level 1. HP: 14/14 MP: 1/1
    91 | D:1      | Reached XP level 2. HP: 15/19 MP: 2/2
   235 | D:1      | Reached XP level 3. HP: 23/24 MP: 3/3
  1462 | D:2      | Reached XP level 4. HP: 29/29 MP: 4/4
  1659 | D:3      | Noticed Terence
  1669 | D:3      | Killed Terence
  1828 | D:3      | Found a broken altar of Ashenzari.
  1993 | D:3      | Found a runed translucent door.
  1993 | D:3      | Noticed Xoff's ghost (amateur GnCj)
  2576 | D:4      | Noticed an ogre
  2590 | D:4      | Killed an ogre
  2591 | D:4      | Reached XP level 5. HP: 34/34 MP: 5/5
  2652 | D:4      | Incinerated by a bombardier beetle

Illustrated notes

Levels and vault maps discovered:
D:1:      lemuel_arrival_cross, layout_basic, minmay_ruptured
D:2:      layout_basic
D:3:      layout_basic, evilmike_ruin_ashenzari, gammafunk_ghost_grave,
          chequers_garden, grunt_decor_resistance, grunt_ministairs_14,
          uniq_terence
D:4:      layout_basic, mainiacjoe_sewer_entry_somewhere_in_here_1,
          serial_shops, nicolae_shop_getting_attention, st_stairs_11,
          serial_library_regret_index_headful, uniq_pikel

Skill      XL: |  1  2  3  4 |
---------------+-------------+-----
Axes           | 2 3 4 |  4.5
Fighting       | 4 |  4.9
Armour         | |  3.2
Shields        | |  3.2

Action                     |  1- 3 |  4- 6 || total
---------------------------+-------+-------++-------
  Melee: War axe           |    98 |    45 ||   143
  Evoke: Wand              |       |     3 ||     3
    Use: Scroll            |     1 |     3 ||     4
         Potion            |       |     1 ||     1
 Armour: Scale mail        |    97 |    26 ||   123
  Dodge: Dodged            |    67 |    16 ||    83
  Block: Buckler           |    37 |     7 ||    44

Table legend: (Time is in decaauts)
 A = Elapsed time spent in this place.
 B = Non-inter-level travel time spent in this place.
 C = Inter-level travel time spent in this place.
 D = Time resting spent in this place.
 E = Time spent auto-exploring this place.
 F = Levels seen in this place.
 G = Mean time per level.
                   A        B        C        D        E       F      G
               +--------+--------+--------+--------+--------+-----+--------+
         Total |   2705 |   2616 |     89 |     80 |   1323 |   4 |  676.2 |
       Dungeon |   2705 |   2616 |     89 |     80 |   1323 |   4 |  676.2 |
               +--------+--------+--------+--------+--------+-----+--------+

Top non-repeatable levels by time:
     D:1: 1144 daAuts
     D:3: 1023 daAuts
     D:2: 459 daAuts
     D:4: 79 daAuts
